AoeStats
← ALIKOG_IR

MegaRandom

503356624Analyzed
1v1 RM · 1mo ago on Aug 31, 2026· 31m 4s· 2 players
Game mode
Random Map
Map size
Tiny (2 player)
Population
200
Speed
Normal
Resources
Standard
Victory
Conquest
Starting age
Dark Age
Ending age
Imperial Age
RankedLock teamsTeams togetherTeam positionsShared explorationLock speedFull tech treeHidden civsTurbo modeCheats
Victory
Defeat
🇨🇭 Armenians · Switzerland
1405
+15
🇦🇷 Koreans · Argentina
1376
-15
ALIKOG_IR
4:00 Loom
9:08 Feudal Age
9:10 Man-at-Arms
14:03 Double-Bit Axe
19:29 Fletching
21:49 Wheelbarrow
21:57 Horse Collar
26:43 Castle Age
27:59 Bodkin Arrow
Pierretto
9:16 Feudal Age
9:20 Man-at-Arms
10:16 Long Swordsman
14:20 Scale Mail Armor
15:30 Forging
15:09 Double-Bit Axe
18:21 Arson
22:07 Loom
22:22 Horse Collar
25:16 Castle Age
25:44 Gambesons
25:59 Squires
26:18 Chain Mail Armor
26:04 Two-Handed Swordsman
27:13 Bow Saw
Connection lost

Rejoining the realm…

Still unreachable

The connection could not be restored.

Session expired

The server has moved on; the page needs a fresh start.